[Event "ICC tourney 2568 (40 10)"]
[Site "Internet Chess Club"]
[Date "2021.05.16"]
[Round "3"]
[White "WU, EVERETT:EW2006"]
[Black "LI, DAVID TONGJIA:UltimateDL"]
[Result "1/2-1/2"]
[ICCResult "Game drawn because neither player has mating material"]
[WhiteElo "1395"]
[BlackElo "1862"]
[Opening "Sicilian defense"]
[ECO "B30"]
[NIC "SI.31"]
[Time "15:31:40"]
[TimeControl "2400+10"]

1. e4 c5 2. Nf3 Nc6 3. c4 g6 4. Nc3 Bg7 5. Be2 Nf6 6. O-O O-O 7. d3 d6 8.
Rb1 b6 9. h3 Bb7 10. Be3 e6 11. Nd2 d5 12. exd5 exd5 13. cxd5 Nxd5 14. Nxd5
Qxd5 15. Nb3 Nd4 16. f3 Rfe8 17. Bxd4 Bxd4+ 18. Nxd4 Qxd4+ 19. Rf2 Rad8 20.
Qc2 Ba6 21. Rd1 Bb5 22. f4 Re3 23. Qc3 Bxd3 24. Bf1 c4 25. Qxd4 Rxd4 26.
Rfd2 Rxf4 27. Bxd3 Rxd3 28. Rxd3 cxd3 29. Rxd3 Rc4 30. Rd7 Rc2 31. Rxa7 Rxb2
32. a4 Ra2 33. Ra6 Kg7 34. Kh2 Ra3 35. h4 Kh6 36. g4 Rb3 37. a5 bxa5 38.
Rxa5 Kg7 39. Kg2 Rb4 40. Kg3 Rb3+ 41. Kg2 h6 42. Ra4 g5 43. h5 Re3 44. Kf2
Re5 45. Kf3 f5 46. Ra7+ Kf6 47. Rh7 fxg4+ 48. Kxg4 Re4+ 49. Kg3 Kf5 50. Rxh6
Re3+ 51. Kg2 Re2+ 52. Kf3 Rh2 53. Rh8 g4+ 54. Kg3 Rh3+ 55. Kg2 Kg5 56. Rg8+
Kxh5 57. Rh8+ Kg5 58. Rxh3 gxh3+ 59. Kxh3
{Game drawn because neither player has mating material}
1/2-1/2

[Event "ICC tourney 2568 (40 10)"]
[Site "Internet Chess Club"]
[Date "2021.05.16"]
[Round "3"]
[White "BOYINEPALLY, KIRAN:BoyinK-99"]
[Black "SULTAN, BASHIR Cisse:muzikmixer"]
[Result "0-1"]
[ICCResult "White resigns"]
[WhiteElo "1673"]
[BlackElo "1511"]
[Opening "Old Indian defense"]
[ECO "A42"]
[NIC "OI.07"]
[Time "15:31:37"]
[TimeControl "2400+10"]

1. d4 d6 2. c4 e5 3. dxe5 dxe5 4. Qxd8+ Kxd8 5. Nc3 c6 6. a3 a5 7. e4 Kc7 8.
Be3 Na6 9. Rd1 Bc5 10. Bxc5 Nxc5 11. Bd3 a4 12. Nge2 Be6 13. Nc1 Ne7 14. O-O
Nc8 15. f4 exf4 16. Rxf4 f6 17. Be2 Nb6 18. h3 Bxc4 19. Bxc4 Nxc4 20. e5
Nxe5 21. Rfd4 Rad8 22. N1e2 Rxd4 23. Rxd4 Rd8 24. Rxd8 Kxd8 25. Nf4 Ke7 26.
Kf1 g5 27. Nfe2 Nc4 28. Nd1 Nd3 29. Nec3 Ndxb2 30. Nxb2 Nxb2 31. Ke2 f5 32.
g3 Ke6 {White resigns} 0-1

[Event "ICC tourney 2568 (40 10)"]
[Site "Internet Chess Club"]
[Date "2021.05.16"]
[Round "3"]
[White "ZHANG, FRED:Fredzhang"]
[Black "XIONG, LANG LEO:langlglang"]
[Result "0-1"]
[ICCResult "White checkmated"]
[WhiteElo "1576"]
[BlackElo "1641"]
[Opening "Caro-Kann: two knights variation"]
[ECO "B10"]
[NIC "CK.01"]
[Time "15:31:46"]
[TimeControl "2400+10"]

1. e4 c6 2. Nf3 d5 3. Nc3 dxe4 4. Nxe4 Nf6 5. Nxf6+ exf6 6. Bc4 Bd6 7. d3
O-O 8. O-O Bg4 9. Be3 Nd7 10. h3 Bh5 11. Re1 Ne5 12. g4 Nxc4 13. dxc4 Bg6
14. c5 Bc7 15. Qxd8 Raxd8 16. c3 Be4 17. Nd2 Bd3 18. Bd4 Rfe8 19. a3 Bf4 20.
Nf3 Be4 21. Nh4 Bg5 22. Ng2 Bxg2 23. Kxg2 Bd2 24. Rxe8+ Rxe8 25. Rd1 Bf4 26.
Be3 Bxe3 27. fxe3 g6 28. Kf3 Re7 29. Rd4 Kg7 30. Re4 Rd7 31. Rd4 Re7 32. e4
g5 33. b4 a6 34. a4 Kg6 35. c4 h5 36. gxh5+ Kxh5 37. Rd6 Kg6 38. Rd4 f5 39.
Rd6+ f6 40. exf5+ Kxf5 41. b5 Rc7 42. b6 Rh7 43. Kg3 Ke5 44. Kg4 Rh4+ 45.
Kg3 Rxc4 46. Rd7 Rxc5 47. Rxb7 Rc3+ 48. Kg2 Kf4 49. Rf7 Rc2+ 50. Kf1 f5 51.
b7 Rb2 52. Rc7 Kf3 53. Ke1 Ke3 54. Kd1 f4 55. Rxc6 Rxb7 56. Rg6 f3 57. Re6+
Kf4 58. Rf6+ Kg3 59. Kc2 f2 60. Rf8 Kg2 61. Kd3 f1=Q+ 62. Rxf1 Kxf1 63. Ke4
Rb3 64. Kf5 Rxh3 65. Kxg5 Ra3 66. Kf4 Rxa4+ 67. Ke3 Rb4 68. Kd3 a5 69. Kc3
Rb8 70. Kc4 a4 71. Kd4 a3 72. Ke5 a2 73. Ke4 a1=Q 74. Kf5 Qa4 75. Ke5 Rb5+
76. Kd6 Qa6+ 77. Kc7 Rb7+ 78. Kc8 Qa8# {White checkmated} 0-1

[Event "ICC tourney 2568 (40 10)"]
[Site "Internet Chess Club"]
[Date "2021.05.16"]
[Round "3"]
[White "Rodriguez, Eduardo A:EduardoNASA"]
[Black "JAIN, VIHAAN:jvihaan"]
[Result "1-0"]
[ICCResult "Black resigns"]
[WhiteElo "1798"]
[BlackElo "1460"]
[Opening "Sicilian: closed"]
[ECO "B23"]
[NIC "SI.44"]
[Time "15:31:39"]
[TimeControl "2400+10"]

1. e4 c5 2. Nc3 d6 3. f4 Nf6 4. Nf3 Nc6 5. Bb5 a6 6. Bxc6+ bxc6 7. d3 Rb8 8.
b3 d5 9. O-O e6 10. e5 Nd7 11. Qe1 Be7 12. Bd2 O-O 13. Na4 f6 14. c4 Qe8 15.
Rd1 Nb6 16. Nxb6 Rxb6 17. Ba5 Rb7 18. Qe3 Qh5 19. h3 f5 20. Nh2 g5 21. fxg5
Bxg5 22. Qxc5 Bd7 23. Bd2 Bd8 24. Qe3 Bb6 25. c5 Ba7 26. d4 Be8 27. Rde1 Bg6
28. Rf4 Qg5 29. Ref1 Rg7 30. Qf2 Qe7 31. Ng4 Bf7 32. Nf6+ Kh8 33. Rh4 Bg6
34. Bg5 Qb7 35. Bh6 Rxf6 36. Bxg7+ Qxg7 37. exf6 Qxf6 38. Qf4 Qe7 39. Qe5+
Kg8 40. Rh6 Qg5 41. Qxe6+ Bf7 42. Qxf5 {Black resigns} 1-0

[Event "ICC tourney 2568 (40 10)"]
[Site "Internet Chess Club"]
[Date "2021.05.16"]
[Round "3"]
[White "SUN, KEVIN:kevinsun"]
[Black "XIAO, MARINA:marinaxiao"]
[Result "1-0"]
[ICCResult "Black checkmated"]
[WhiteElo "1491"]
[BlackElo "1547"]
[Opening "Sicilian: closed, 2...Nc6"]
[ECO "B23"]
[NIC "SI.44"]
[Time "15:31:46"]
[TimeControl "2400+10"]

1. e4 c5 2. Nc3 Nc6 3. Bb5 e6 4. Nf3 Nge7 5. d3 g6 6. O-O Bg7 7. Be3 d6 8.
Qd2 O-O 9. Bh6 a6 10. Bxc6 Nxc6 11. Bxg7 Kxg7 12. a4 d5 13. exd5 exd5 14.
Qg5 Qxg5 15. Nxg5 Be6 16. Rfe1 Rae8 17. Nxe6+ fxe6 18. a5 Nd4 19. Rac1 Nc6
20. Na4 c4 21. Nc5 Nd8 22. dxc4 dxc4 23. Rcd1 Re7 24. Kf1 e5 25. Rd7 Re8 26.
Rxe5 Nc6 27. Rexe7+ Rxe7 28. Rxe7+ Nxe7 29. Nxb7 Nc6 30. Ke2 Kf7 31. Nd6+
Ke6 32. Nxc4 Kd5 33. b3 Kc5 34. c3 Kb5 35. Kd3 Nxa5 36. Nxa5 Kxa5 37. f4 Kb5
38. g4 Kc5 39. b4+ Kd5 40. c4+ Kc6 41. Kd4 Kd6 42. c5+ Kc6 43. Kc4 h6 44. f5
g5 45. f6 Kd7 46. c6+ Kxc6 47. f7 a5 48. f8=Q a4 49. Qe8+ Kb6 50. Qxa4 Kc7
51. b5 Kb7 52. Qa6+ Kc7 53. b6+ Kd7 54. b7 Kd8 55. b8=Q+ Kd7 56. Qab7+ Ke6
57. Qe8+ Kd6 58. Qbd7# {Black checkmated} 1-0

[Event "ICC tourney 2568 (40 10)"]
[Site "Internet Chess Club"]
[Date "2021.05.16"]
[Round "3"]
[White "VIDENA, DANIEL TUAPEN:Davide25"]
[Black "XIAO, MICHAEL:michaelxiao"]
[Result "1-0"]
[ICCResult "Black resigns"]
[WhiteElo "1528"]
[BlackElo "1297"]
[Opening "QGD: Neo-orthodox variation, 7.Bh4"]
[ECO "D56"]
[NIC "QO.13"]
[Time "15:31:37"]
[TimeControl "2400+10"]

1. d4 d5 2. c4 e6 3. Nc3 Nf6 4. Bg5 Be7 5. e3 h6 6. Bh4 O-O 7. Nf3 dxc4 8.
Bxc4 Nbd7 9. O-O b6 10. Rc1 Bb7 11. Qe2 c5 12. Rfd1 Qc7 13. Bg3 Bd6 14. Nb5
Bxf3 15. Qxf3 Qc8 16. Nxd6 Qd8 17. Nb5 a6 18. Nc3 b5 19. Bb3 c4 20. Bc2 Qb6
21. e4 Rfe8 22. e5 Nd5 23. Nxd5 exd5 24. Qxd5 Nf8 25. Qf3 Rad8 26. d5 Qc5
27. d6 Nd7 28. Qd5 Qb4 29. Rb1 c3 30. Rd4 Qa5 31. Bb3 Rf8 32. Rf4 cxb2 33.
Rxf7 Rxf7 34. Qxf7+ Kh8 35. Qf3 Qd2 36. Qe3 Qb4 37. Rxb2 Rc8 38. Rc2 Rxc2
39. Bxc2 Qb2 40. Qb3 Qc1+ 41. Bd1 Nc5 42. Qc2 Qxc2 43. Bxc2 Nd7 44. e6 Nc5
45. e7 Ne6 46. e8=R+ {Black resigns} 1-0

[Event "ICC tourney 2568 (40 10)"]
[Site "Internet Chess Club"]
[Date "2021.05.16"]
[Round "3"]
[White "LEVIN, ERIC:elevinchess"]
[Black "NAGULAPALLY, AYAN:Ayan123"]
[Result "0-1"]
[ICCResult "White resigns"]
[WhiteElo "1869"]
[BlackElo "1344"]
[Opening "Scandinavian (center counter) defense"]
[ECO "B01"]
[NIC "SD.01"]
[Time "15:31:38"]
[TimeControl "2400+10"]

1. e4 d5 2. exd5 Qxd5 3. Nc3 Qa5 4. d4 c6 5. Nf3 Nf6 6. Bc4 Bf5 7. Qe2 e6 8.
Ne5 Be7 9. h4 Nbd7 10. Bf4 Nxe5 11. Bxe5 h6 12. O-O-O O-O-O 13. f3 h5 14.
Bf4 Bd6 15. Bg5 Qc7 16. Kb1 Bf4 17. Bd3 Bxd3 18. Rxd3 Bxg5 19. hxg5 Nd5 20.
Nxd5 Rxd5 21. Qd2 g6 22. c4 Rd7 23. d5 exd5 24. cxd5 Kb8 25. dxc6 Rxd3 26.
Qxd3 Qxc6 27. Rc1 Qe6 28. Qd4 Re8 29. Qf4+ Ka8 30. Qf6 Qxf6 31. gxf6 Kb8 32.
g4 hxg4 33. fxg4 Re4 34. Rh1 Rxg4 35. Rh8+ Kc7 36. Rf8 Rf4 37. Rxf7+ Kb6 38.
Kc2 g5 39. Rf8 g4 40. f7 g3 41. Rg8 Rxf7 42. Rxg3 Rc7+ 43. Kb3 Rd7 44. a4 a6
45. Rg6+ Kc7 46. Kc3 Rd6 47. Rg7+ Rd7 48. Rg5 Rd6 49. Kc4 Rc6+ 50. Kb3 Rb6+
51. Ka3 Rc6 52. Rg7+ Kb6 53. Kb4 a5+ 54. Kb3 Rd6 55. Rg5 Rc6 56. Rb5+ Ka6
57. Ka3 Rb6 58. Rg5 Rc6 59. Kb3 Rb6+ 60. Kc3 Rc6+ 61. Kd3 Rb6 62. Kc3 Rc6+
63. Kb3 Rb6+ 64. Kc4 Rxb2 65. Rg6+ b6 66. Kc3 Rb4 67. Rf6 Rxa4 68. Kb3 Rb4+
69. Ka3 Rc4 70. Kb3 Rc5 71. Rf3 Kb5 72. Ka3 Ka6 73. Kb3 Rc6 74. Rg3 b5 75.
Rf3 a4+ 76. Kb4 Rc4+ 77. Ka3 Ka5 78. Rf5 Rc3+ 79. Kb2 Rb3+ 80. Ka2 Rc3 81.
Kb2 Rc4 82. Rg5 Kb4 83. Rh5 a3+ 84. Kb1 Ka4 85. Rh1 b4 86. Rg1 b3 87. Rh1
a2+ 88. Kb2 Rc2+ 89. Ka1 Ka3 90. Rb1 axb1=Q+ 91. Kxb1 Rg2 {White resigns}
0-1

[Event "ICC tourney 2568 (40 10)"]
[Site "Internet Chess Club"]
[Date "2021.05.16"]
[Round "3"]
[White "Musku, Himani:Chess121"]
[Black "NGUYEN, THOMAS:tn285"]
[Result "0-1"]
[ICCResult "White checkmated"]
[WhiteElo "1488"]
[BlackElo "1581"]
[Opening "Queen's pawn: London system"]
[ECO "A45"]
[NIC "QP.07"]
[Time "15:31:42"]
[TimeControl "2400+10"]

1. d4 Nf6 2. Bf4 d5 3. e3 e6 4. Nd2 Be7 5. Ngf3 O-O 6. Bd3 b6 7. c3 Bb7 8.
O-O c5 9. h3 Nbd7 10. Qe2 c4 11. Bc2 b5 12. e4 dxe4 13. Nxe4 Nxe4 14. Bxe4
Bxe4 15. Qxe4 Nf6 16. Qe2 Nd5 17. Bg3 Bd6 18. Bxd6 Qxd6 19. Ne5 Rfc8 20. a3
a5 21. Rfc1 Ra7 22. Nf3 Qb6 23. Ne5 Rac7 24. Qd2 h6 25. b4 cxb3 26. Qb2 a4
27. Nd3 Nxc3 28. Nc5 Nd5 29. Rd1 Rd8 30. Rac1 Rc6 31. Rd3 Ne7 32. Qd2 Rcd6
33. Rd1 Rd5 34. g4 Nc6 35. Ne4 Rxd4 36. Rxd4 Qxd4 37. Qxd4 Rxd4 38. Rxd4
Nxd4 39. Nc3 Kf8 40. Kf1 Ke7 41. Ke1 Kd6 42. Kd2 Kc5 43. Kd3 Nc2 44. Nb1 b4
45. axb4+ Kxb4 46. Kd2 a3 47. Nc3 a2 48. Nxa2+ bxa2 49. Kxc2 a1=Q 50. Kd3
Qe1 51. Kd4 Qxf2+ 52. Kd3 Qf4 53. h4 Qxg4 54. h5 Qxh5 55. Ke4 Kc4 56. Kf4
Kd4 57. Kg3 Qf5 58. Kg2 Ke3 59. Kg3 Qf4+ 60. Kg2 Ke2 61. Kg1 Qe3+ 62. Kg2
Ke1 63. Kh2 Kf1 64. Kh1 Qh3# {White checkmated} 0-1

[Event "ICC tourney 2568 (40 10)"]
[Site "Internet Chess Club"]
[Date "2021.05.16"]
[Round "3"]
[White "THOMAS, MICHAEL G:chesslin"]
[Black "RAVIND G N, RICNESH:RickyCarlsen"]
[Result "1-0"]
[ICCResult "Black forfeits on time"]
[WhiteElo "1739"]
[BlackElo "1700"]
[Opening "Queen's pawn, Mason variation"]
[ECO "D00"]
[NIC "QP.08"]
[Time "15:31:45"]
[TimeControl "2400+10"]

1. d4 d5 2. Bf4 Nf6 3. e3 Bg4 4. Nf3 e6 5. Bd3 Bd6 6. Bg3 c6 7. Nbd2 Qc7 8.
Bxd6 Qxd6 9. h3 Bh5 10. g4 Bg6 11. g5 Ng8 12. Ne5 Bxd3 13. cxd3 Nd7 14. f4
Ne7 15. Qh5 g6 16. Qf3 Nf5 17. O-O-O Ke7 18. h4 h5 19. Kb1 a5 20. Qf2 Qb4
21. Nxd7 Kxd7 22. Nf3 Nd6 23. Qc2 Nb5 24. Ka1 a4 25. a3 Qd6 26. Rc1 Ra6 27.
Qc5 Rha8 28. Rh2 Rc8 29. Rhc2 Qxc5 30. dxc5 Ke7 31. Re1 Rd8 32. Rce2 Raa8
33. Rd2 Kf8 34. Red1 Ke7 35. Kb1 Ke8 36. e4 dxe4 37. dxe4 Rxd2 38. Rxd2 Rd8
39. Kc2 Rxd2+ 40. Kxd2 Nc7 41. Kd3 Ke7 42. Ne5 Ke8 43. Nc4 Nb5 44. Nb6 Kd8
45. Nxa4 Kc7 46. Nb6 Kd8 47. Nc4 Kd7 48. a4 Nc7 49. Nd6 Na6 50. Kc4 Nb8 51.
Nxf7 Ke7 52. Ne5 Na6 53. b4 Nc7 54. Nxg6+ Kf7 55. Ne5+ Kg7 56. b5 cxb5+ 57.
axb5 Kg8 58. c6 bxc6 59. Nxc6 Kf7 60. b6 Na6 61. Kb5 e5 62. Nxe5+ Kg8 63.
Kxa6 Kh8 64. b7 Kg7 65. b8=Q Kh7 66. Qc7+ Kg8 67. Qd8+ Kg7 68. Qe8
{Black forfeits on time}
1-0

[Event "ICC tourney 2568 (40 10)"]
[Site "Internet Chess Club"]
[Date "2021.05.16"]
[Round "3"]
[White "XU, RAYMOND:rayxu"]
[Black "KASHYAP, MAHATI B:mnm1"]
[Result "1-0"]
[ICCResult "Black checkmated"]
[WhiteElo "1876"]
[BlackElo "1536"]
[Opening "Sicilian: Canal-Sokolsky attack, Sokolsky variation"]
[ECO "B52"]
[NIC "SI.01"]
[Time "15:31:40"]
[TimeControl "2400+10"]

1. e4 c5 2. Nf3 d6 3. Bb5+ Bd7 4. Bxd7+ Qxd7 5. c4 Nc6 6. d4 cxd4 7. Nxd4
Nf6 8. Nc3 e6 9. Be3 Be7 10. O-O O-O 11. Qe2 Rac8 12. Rfd1 Ne5 13. b3 Nfg4
14. Bf4 a6 15. Na4 Bd8 16. h3 Nf6 17. Nf5 exf5 18. Bxe5 Nxe4 19. Qb2 f6 20.
Bh2 b5 21. Nc3 Be7 22. Nxe4 fxe4 23. Qd4 f5 24. Qd5+ Kh8 25. c5 Rfd8 26.
cxd6 Bg5 27. g4 Bf6 28. Rac1 fxg4 29. Rc7 Rxc7 30. dxc7 Qxd5 31. Rxd5 Rc8
32. hxg4 Kg8 33. Kf1 Kf7 34. Ke2 Ke6 35. Rd6+ Ke7 36. Rxa6 Bd4 37. Ra5 Rf8
38. Bg3 b4 39. Rd5 Ra8 40. Rxd4 Rxa2+ 41. Ke3 Ra8 42. Bh4+ Kf7 43. Rd8 Rxd8
44. cxd8=Q Kg6 45. Qg5+ Kf7 46. Bg3 g6 47. Qe5 Kf8 48. Qc7 Kg8 49. Be5 Kf8
50. Bf6 Kg8 51. Qg7# {Black checkmated} 1-0

[Event "ICC tourney 2568 (40 10)"]
[Site "Internet Chess Club"]
[Date "2021.05.16"]
[Round "3"]
[White "VALE CRUZ, ARMIN:trucker"]
[Black "KASHYAP, MANISH B:mnm2"]
[Result "1-0"]
[ICCResult "Black resigns"]
[WhiteElo "1709"]
[BlackElo "1561"]
[Opening "Sicilian: Sozin, Leonhardt variation"]
[ECO "B88"]
[NIC "SI.26"]
[Time "15:31:46"]
[TimeControl "2400+10"]

1. e4 c5 2. Nf3 d6 3. d4 cxd4 4. Nxd4 Nf6 5. Nc3 Nc6 6. Bc4 e6 7. Bb3 Be7 8.
Be3 Bd7 9. Ndb5 Qb8 10. f4 a6 11. Nd4 O-O 12. Qf3 b5 13. e5 Nxd4 14. Bxd4
Ne8 15. O-O-O Nc7 16. exd6 Bxd6 17. Bxg7 Kxg7 18. Rxd6 Bc8 19. Rd3 Kh8 20.
Qh5 Ne8 21. Qh6 Rg8 22. Rhd1 Qa7 23. Ne4 Rg6 24. Qh4 h6 25. Kb1 Kg7 26. Rd8
Bb7 27. R8d7 Nf6 28. Nxf6 Rxf6 29. Qg3+ Kh7 30. Qd3+ Kg7 31. Qc3 Rf8 32. f5
Qf2 33. fxe6 Be4 34. a3 Bg6 35. g3 Qf5 36. Ra7 Kh7 37. e7 Re8 38. Rd8 Qf1+
39. Ka2 Qh1 40. Rxe8 {Black resigns} 1-0

[Event "ICC tourney 2568 (40 10)"]
[Site "Internet Chess Club"]
[Date "2021.05.16"]
[Round "3"]
[White "BRUDNO, STEPHEN:StevChess01"]
[Black "PRIYADARSHI, VED:ved2006"]
[Result "1-0"]
[ICCResult "Black resigns"]
[WhiteElo "1606"]
[BlackElo "1713"]
[Opening "QGD Slav: 4.Nc3"]
[ECO "D15"]
[NIC "SL.03"]
[Time "15:31:39"]
[TimeControl "2400+10"]

1. d4 d5 2. c4 c6 3. Nf3 Nf6 4. Nc3 Bf5 5. Qb3 Qb6 6. Qxb6 axb6 7. cxd5 Nxd5
8. Nxd5 cxd5 9. e3 Nc6 10. Bd2 e6 11. a3 Bd6 12. Be2 O-O 13. O-O Na5 14. Bc3
Nc4 15. Bxc4 dxc4 16. Nd2 Rfc8 17. e4 Bg6 18. f3 b5 19. Rfd1 Ra4 20. g3 Rca8
21. Rac1 Be7 22. Re1 Bd8 23. Kg2 Bb6 24. Nf1 Rd8 25. Rcd1 h6 26. Ne3 Ba5 27.
Bxa5 Rxa5 28. d5 Kf8 29. dxe6 Rxd1 30. Rxd1 fxe6 31. Rd7 Ra7 32. Rc7 Be8 33.
Ng4 Bc6 34. Kf2 c3 35. bxc3 Rxa3 36. Ne5 Rxc3 37. Ng6+ Kg8 38. Ne7+ Kf8 39.
Ng6+ Kg8 40. Ne7+ Kh7 41. h4 b4 42. h5 Be8 43. Rxb7 Bxh5 44. g4 Be8 45. Rb8
Bf7 46. Nc8 b3 47. Nd6 Bg6 48. Rb4 h5 49. Nb5 Rc2+ 50. Ke3 hxg4 51. fxg4 b2
52. Nd4 Rg2 53. Kf3 Rg1 54. Rxb2 Bf7 55. Rb6 Rf1+ 56. Ke3 Re1+ 57. Kf4 Rf1+
58. Ke5 Rg1 59. Nxe6 Rxg4 60. Kf5 Rg1 61. Ng5+ Rxg5+ 62. Kxg5 Kg8 63. Rb8+
Kh7 64. e5 Bd5 65. Re8 {Black resigns} 1-0

[Event "ICC tourney 2568 (40 10)"]
[Site "Internet Chess Club"]
[Date "2021.05.16"]
[Round "4"]
[White "XIAO, MICHAEL:michaelxiao"]
[Black "Musku, Himani:Chess121"]
[Result "1/2-1/2"]
[ICCResult "Game drawn because neither player has mating material"]
[WhiteElo "1297"]
[BlackElo "1488"]
[Opening "French: exchange variation"]
[ECO "C01"]
[NIC "FR.01"]
[Time "17:45:40"]
[TimeControl "2400+10"]

1. e4 e6 2. d4 d5 3. exd5 exd5 4. Nf3 Nf6 5. h3 h6 6. Bf4 Bf5 7. Nc3 c6 8.
Bd3 Bxd3 9. Qxd3 Bd6 10. Bxd6 Qxd6 11. O-O O-O 12. Ne5 Nbd7 13. Nxd7 Qxd7
14. Rfe1 Rfe8 15. a3 Rxe1+ 16. Rxe1 Re8 17. Qd2 Rxe1+ 18. Qxe1 Qe8 19. Qxe8+
Nxe8 20. Na4 Nd6 21. Nc5 Kf8 22. Kf1 Ke7 23. Ke2 b6 24. Nd3 a5 25. b3 Ne4
26. a4 b5 27. axb5 cxb5 28. Nc5 Nxc5 29. dxc5 Kd7 30. Kd3 Kc6 31. Kd4 a4 32.
bxa4 bxa4 33. c4 dxc4 34. Kxc4 a3 35. Kb3 Kxc5 36. Kxa3 Kd4 37. Kb4 Kd3 38.
Kc5 Ke2 39. f4 Kf2 40. Kd6 Kxg2 41. Ke7 Kxh3 42. Kxf7 Kg4 43. Kxg7 h5 44.
Kg6 h4 45. f5 h3 46. f6 h2 47. f7 h1=Q 48. f8=Q Qh5+ 49. Kg7 Qg5+ 50. Kf7
Qf5+ 51. Kg8 Qg6+ 52. Qg7 Qxg7+ 53. Kxg7
{Game drawn because neither player has mating material}
1/2-1/2

[Event "ICC tourney 2568 (40 10)"]
[Site "Internet Chess Club"]
[Date "2021.05.16"]
[Round "4"]
[White "GONG, JONATHAN YICHENG:Theutltl"]
[Black "BOYINEPALLY, KIRAN:BoyinK-99"]
[Result "1-0"]
[ICCResult "Black resigns"]
[WhiteElo "1562"]
[BlackElo "1673"]
[Opening "Caro-Kann: exchange variation"]
[ECO "B13"]
[NIC "CK.02"]
[Time "17:45:40"]
[TimeControl "2400+10"]

1. e4 c6 2. d4 d5 3. exd5 cxd5 4. Nf3 Bg4 5. Bf4 Nc6 6. c3 e6 7. Nbd2 Bd6 8.
Bxd6 Qxd6 9. Bd3 e5 10. dxe5 Nxe5 11. Bb5+ Nc6 12. O-O Ne7 13. Qa4 O-O 14.
Qxg4 {Black resigns} 1-0

[Event "ICC tourney 2568 (40 10)"]
[Site "Internet Chess Club"]
[Date "2021.05.16"]
[Round "4"]
[White "XIAO, MARINA:marinaxiao"]
[Black "JAIN, VIHAAN:jvihaan"]
[Result "1-0"]
[ICCResult "Black resigns"]
[WhiteElo "1547"]
[BlackElo "1460"]
[Opening "Sicilian: Najdorf, Opocensky variation"]
[ECO "B92"]
[NIC "SI.10"]
[Time "17:45:25"]
[TimeControl "2400+10"]

1. e4 c5 2. Nf3 d6 3. d4 cxd4 4. Nxd4 Nf6 5. Nc3 a6 6. Be2 e5 7. Nb3 Be6 8.
O-O Be7 9. Be3 O-O 10. h3 Nbd7 11. Kh1 b5 12. a3 Nb6 13. f4 Nc4 14. Bxc4
Bxc4 15. Rg1 exf4 16. Bxf4 d5 17. e5 Ne8 18. Nd4 Nc7 19. b3 b4 20. axb4 Bxb4
21. Nc6 Qh4 22. Nxb4 Qxf4 23. bxc4 Qxc4 24. Nbxd5 Nxd5 25. Nxd5 Rfd8 26. Ne3
Qe4 27. Qf3 Qxe5 28. Rad1 Re8 29. Rge1 Qc5 30. Rd7 Re7 31. Qxa8+ {Black
resigns} 1-0

[Event "ICC tourney 2568 (40 10)"]
[Site "Internet Chess Club"]
[Date "2021.05.16"]
[Round "4"]
[White "XIONG, LANG LEO:langlglang"]
[Black "WANG, YUANZHE:yogokings12"]
[Result "1/2-1/2"]
[ICCResult "Game drawn by mutual agreement"]
[WhiteElo "1641"]
[BlackElo "1587"]
[Opening "Trompowsky attack (Ruth, Opocenský opening)"]
[ECO "A45"]
[NIC "QP.07"]
[Time "17:45:29"]
[TimeControl "2400+10"]

1. d4 Nf6 2. Bg5 Ne4 3. h4 h6 4. Bf4 c5 5. e3 d5 6. Nd2 Nxd2 7. Qxd2 Nc6 8.
dxc5 e5 9. Bg3 Bxc5 10. Nf3 e4 11. Nd4 Nxd4 12. exd4 Bd6 13. Bb5+ Bd7 14.
Bxd6 Bxb5 15. Qf4 f6 16. Bc5 Qd7 17. b3 b6 18. Ba3 Kf7 19. h5 Rhc8 20. Rc1
Qc7 21. Qxc7+ Rxc7 22. Kd2 Rac8 23. f3 Re8 24. Rhe1 exf3 25. gxf3 Rxe1 26.
Rxe1 g6 27. hxg6+ Kxg6 28. Bd6 Rh7 29. Re7 Rxe7 {Game drawn by mutual
agreement} 1/2-1/2

[Event "ICC tourney 2568 (40 10)"]
[Site "Internet Chess Club"]
[Date "2021.05.16"]
[Round "4"]
[White "YADAV, ARJUN:arjunchesszero"]
[Black "ZHANG, FRED:Fredzhang"]
[Result "0-1"]
[ICCResult "White resigns"]
[WhiteElo "1224"]
[BlackElo "1576"]
[Opening "Sicilian: closed, 2...Nc6"]
[ECO "B23"]
[NIC "SI.44"]
[Time "17:46:14"]
[TimeControl "2400+10"]

1. e4 c5 2. Nc3 Nc6 3. Bb5 e6 4. Bxc6 dxc6 5. f4 Nf6 6. Nf3 Be7 7. O-O Qb6
8. Kh1 O-O 9. Qe1 c4 10. d3 cxd3 11. cxd3 Bb4 12. Qh4 Bxc3 13. bxc3 c5 14.
Ne5 Qd8 15. Be3 b6 16. Rf3 Nd7 17. Qh3 f5 18. exf5 Rxf5 19. g4 Nxe5 20. gxf5
Nxf3 21. Qxf3 Rb8 22. Kg1 exf5 23. Qg3 Qxd3 24. Qe1 Bb7 25. Rd1 Qe4 26. Qg3
Qh1+ {White resigns} 0-1

[Event "ICC tourney 2568 (40 10)"]
[Site "Internet Chess Club"]
[Date "2021.05.16"]
[Round "4"]
[White "SULTAN, BASHIR Cisse:muzikmixer"]
[Black "VALE CRUZ, ARMIN:trucker"]
[Result "0-1"]
[ICCResult "White resigns"]
[WhiteElo "1511"]
[BlackElo "1709"]
[Opening "English opening: Agincourt variation"]
[ECO "A13"]
[NIC "EO.64"]
[Time "17:45:42"]
[TimeControl "2400+10"]

1. c4 e6 2. Nf3 d5 3. e3 Nf6 4. Nc3 d4 5. Nxd4 c5 6. Nf3 Nc6 7. a3 Be7 8.
Qc2 O-O 9. Bd3 a6 10. h4 b6 11. Ng5 h6 12. f4 e5 13. Nd5 exf4 14. Nxf6+ Bxf6
15. Be4 Bxg5 16. hxg5 Qd6 17. gxh6 f5 18. Bd5+ Be6 19. hxg7 Kxg7 20. Qc3+
Kg6 21. exf4 Bxd5 22. Qg3+ Kf7 23. Rh7+ Ke8 24. cxd5 Nd4 25. Kd1 Qxd5 26.
Qg6+ Rf7 27. Qg8+ Ke7 28. Rxf7+ Qxf7 29. Qxf7+ Kxf7 30. b4 Rh8 {White
resigns} 0-1

[Event "ICC tourney 2568 (40 10)"]
[Site "Internet Chess Club"]
[Date "2021.05.16"]
[Round "4"]
[White "BRAHMANAPALLY, SARVAGNYA:bsarvagnya"]
[Black "PEESA, RAHUL:RahulPeesa"]
[Result "1-0"]
[ICCResult "Black checkmated"]
[WhiteElo "1325"]
[BlackElo "1330"]
[Opening "Caro-Kann: advance variation"]
[ECO "B12"]
[NIC "CK.04"]
[Time "17:45:59"]
[TimeControl "2400+10"]

1. e4 c6 2. d4 d5 3. e5 Bf5 4. Nc3 e6 5. Nf3 c5 6. Bb5+ Nc6 7. Be3 Qb6 8.
dxc5 Bxc5 9. Nd4 Bg6 10. Na4 Qa5+ 11. Bd2 Bb4 12. c3 Bc5 13. Nxc5 Qb6 14. b4
a6 15. Bxc6+ bxc6 16. Qa4 Ne7 17. O-O a5 18. a3 Ra7 19. Qb3 O-O 20. Bg5 Nf5
21. Nxf5 Bxf5 22. Be3 Qc7 23. Na4 Rb7 24. Bc5 Rd8 25. Bd6 Qc8 26. Nc5 Rb5
27. a4 Rb6 28. Qa3 Qa8 29. Bc7 Rbb8 30. Bxd8 Rxd8 31. bxa5 Qa7 32. Ra2 Rb8
33. Rb2 Rxb2 34. Qxb2 Qxc5 35. Qb8+ Qf8 36. Qxf8+ Kxf8 37. a6 Bd3 38. a7
Bxf1 39. a8=Q+ Ke7 40. Qb7+ Kd8 41. Kxf1 f5 42. exf6 gxf6 43. Qxc6 e5 44.
Qxf6+ Kc7 45. Qxe5+ Kb6 46. Qxd5 Ka7 47. Qb5 Ka8 48. c4 h5 49. c5 h4 50. c6
h3 51. g3 Ka7 52. c7 Ka8 53. c8=Q+ Ka7 54. Qcb7# {Black checkmated} 1-0

[Event "ICC tourney 2568 (40 10)"]
[Site "Internet Chess Club"]
[Date "2021.05.16"]
[Round "4"]
[White "LI, DAVID TONGJIA:UltimateDL"]
[Black "RAMESH, ANIRUDH:anirudhramesh03"]
[Result "0-1"]
[ICCResult "White checkmated"]
[WhiteElo "1862"]
[BlackElo "1808"]
[Opening "Sicilian: Prins (Moscow) variation"]
[ECO "B55"]
[NIC "SI.01"]
[Time "17:45:33"]
[TimeControl "2400+10"]

1. e4 c5 2. Nf3 d6 3. d4 cxd4 4. Nxd4 Nf6 5. f3 Nc6 6. c4 g6 7. Nc3 Bg7 8.
Be3 O-O 9. Qd2 Nxd4 10. Bxd4 a6 11. Be3 Qa5 12. Bh6 Bxh6 13. Qxh6 Be6 14. g4
Rac8 15. h4 Bxc4 16. h5 Qe5 17. hxg6 Qg3+ 18. Kd2 fxg6 19. g5 Qf2+ 20. Be2
Bxe2 21. Nxe2 Nxe4+ 22. Kd1 Rf7 23. fxe4 Qf3 24. Qh2 Qd3+ 25. Ke1 Rc2 26.
Rd1 Rxe2+ 27. Qxe2 Qg3+ 28. Kd2 Rf2 29. Qxf2 Qxf2+ 30. Kc1 Qe3+ 31. Kb1
Qxe4+ 32. Ka1 Qf5 33. Rhg1 b5 34. Rde1 e5 35. Rd1 Qd7 36. Rge1 Qe6 37. Rd2
d5 38. Red1 d4 39. Re2 Qf5 40. Rde1 Qxg5 41. Rxe5 Qg3 42. a3 h5 43. Re7 Kf8
44. R7e4 h4 45. Rd1 h3 46. Rexd4 h2 47. Re4 Qg2 48. Ree1 g5 49. Rf1+ Kg7 50.
Rd7+ Kg6 51. Rd6+ Kh5 52. Rdd1 g4 53. Ka2 g3 54. Rf5+ Kg4 55. Rff1 Qe4 56.
Rh1 Qf4 57. Rhf1 Qc4+ 58. Ka1 g2 59. Rf8 h1=Q 60. b4 Qxd1+ 61. Kb2 Qdc2+ 62.
Ka1 Q2a2# {White checkmated} 0-1